 Dungeon Crawl Stone Soup version 5.4-155-g4a05093 (webtiles) character file.

2609 olmar the Grappler (level 10, -6/96 HPs)
             Began as a Titan Transmuter on Apr 6, 2018.
             Mangled by Sonja
             ... wielding a +0 rapier of distortion
              (17 damage)
             ... on level 10 of the Dungeon.
             The game lasted 00:11:58 (8994 turns).

olmar the Grappler (Titan Transmuter)               Turns: 8994, Time: 00:11:59

Health: -6/96      AC:  3 (19%)Str: 15  XL:     10   Next: 89%
Magic:  0/3        EV: 12    Int: 23    God:
Gold:   669        SH:  0    Dex: 14    Spells: 9/18 levels left

rFire    + . .     SeeInvis .     - Unarmed
rCold    . . .     Faith    .   (shield currently unavailable)
rNeg     . . .     Spirit   +   E - +0 troll leather armour
rPois    .         Reflect  .   (helmet restricted)
rElec    +                      j - +0 cloak
rCorr    .                      (gloves unavailable)
MR       +....                  (boots unavailable)
Stlth    +.........             d - amulet of guardian spirit
Regen    0.7/turn               u - +5 ring of dexterity
MPRegen  0.2/turn               n - ring of fire

@: lethally poisoned (-6 -> -6), blade hands, slowed, very slow
A: unfitting armour, claws 1, clumsy, deformed body, high mp 1, electricity
resistance
a: End Transformation


You were on level 10 of the Dungeon.
You were not hungry.
You had blades for hands.
You visited 1 branch of the dungeon, and saw 10 of its levels.

You collected 669 gold pieces.

Inventory:

Missiles
 a - 95 arrows (quivered)
 g - 16 frenzy darts
 h - 299 tomahawks
 w - 7 curare darts
Armour
 b - a +0 robe
 j - a +0 cloak (worn)
 q - a +0 pair of gloves
 r - a +0 pair of boots
 v - a +1 robe of magic resistance
 E - a +0 troll leather armour (worn)
Magical Staves
 A - an uncursed staff of death (melded)
Jewellery
 d - an amulet of guardian spirit (around neck)
 f - an uncursed ring of protection from magic
 i - an uncursed ring of positive energy
 k - an uncursed ring of protection from magic
 n - a ring of fire (right scythe-like blade)
 u - a +5 ring of dexterity (left scythe-like blade)
Wands
 l - a wand of flame (20)
 t - a wand of digging (6)
 C - a wand of confusion (2)
 D - a wand of scattershot (1)
 F - a wand of enslavement (3)
Scrolls
 c - 4 scrolls of teleportation
 e - 3 scrolls of magic mapping
 m - a scroll of blinking
 o - a scroll of enchant weapon
 p - 3 scrolls of fear
 s - a scroll of amnesia
 y - a scroll of enchant armour
Potions
 x - a potion of invisibility
 z - a potion of ambrosia
 B - 2 potions of flight
 G - a potion of augmentation


   Skills:
 + Level 5.4 Fighting
 + Level 1.9 Armour
 + Level 6.1 Dodging
 + Level 13.6 Unarmed Combat
 + Level 5.4 Transmutations


You had 9 spell levels left.
You knew the following spells:

 Your Spells              Type           Power        Failure   Level  Hunger
a - Beastly Appendage     Tmut           24 (50)      1%          1    N/A
b - Spider Form           Tmut           24 (200)     6%          3    N/A
c - Blade Hands           Tmut           24 (200)     50%         5    N/A

Dungeon Overview and Level Annotations

Branches:
Dungeon (10/15)

Annotations:
D:10 Sonja


Innate Abilities, Weirdness & Mutations

You are too large for most types of armour.
You have an increased reservoir of magic. (+10% MP)
You are resistant to electric shocks. (rElec)
You have sharp fingernails.
You are clumsy. (Dex -5)
Armour fits poorly on your strangely shaped body.


Message History

Sonja throws a curare dart.
The curare dart barely misses you (0).
Sonja throws a curare dart.
The curare dart hits you (0).
You are more poisoned.
You have difficulty breathing.
* * * LOW HITPOINT WARNING * * *
You feel as though you will be slow longer.
Evoke which item? (* to show all) (? for menu, Esc to quit)
Aiming: Confuse
Press: ? - help, Shift-Dir - straight line, f/p - Sonja
Aim: Sonja, wielding a +0 rapier of distortion (chance to defeat MR: 54%) Sonja resists with significant effort.
This wand has 2 charges left.
You feel extremely sick.
Sonja throws a curare dart.
The curare dart closely misses you (0).
Unknown command.
Unknown command.
You closely miss Sonja.
You feel very sick. Sonja misses you. Sonja barely misses you.
Sonja hits you but does no damage. Space warps horribly around you (18)!
You die...

#... ###. ## ####...
##.#.###.##P.. #....##
##P............ ....###
##.............# #..P
#.......>P...#.# ####..
.........#..#..# #.....
#......#...#.# ##.....
#...K@.......# #......
####P#...P##.# ##....#
###....P.####.....#
.....................##
.##..##....##..###>#.##
## #...###### ..#.#.
#.#.># P..#... #..#..
....#### .....## ..####
#


You could see Sonja.

Vanquished Creatures
  A two-headed ogre (D:10)
  An unseen horror (D:10)
  Pikel (D:5)
  An ugly thing (D:8)
  Psyche (D:10)
  A troll (D:9)
  Prince Ribbit (D:5)
  Sigmund (D:6)
  A wraith (D:10)
  2 wyverns (D:10)
  An angry ghost (D:9)
  Menkaure (D:5)
  Duvessa (D:5)
  A water moccasin (D:4)
  3 slaves (D:5)
  An orc warrior (D:7)
  2 wasps
  6 ogres
  A blink frog skeleton (D:10)
  3 centaurs
  A rime drake zombie (D:9)
  A rime drake skeleton (D:7)
  A wyvern zombie (D:7)
  A water moccasin zombie (D:7)
  A gnoll sergeant (D:8)
  2 wyvern skeletons
  3 scorpions
  Dowan (D:5)
  6 killer bees (D:8)
  6 wights
  3 crimson imps
  2 howler monkeys
  A bullfrog zombie (D:6)
  2 centaur zombies
  A quasit (D:5)
  5 hounds
  4 jellies
  6 orc priests
  An orc wizard (D:5)
  A centaur skeleton (D:10)
  5 worker ants
  4 iguanas
  A hound zombie (D:7)
  A hound skeleton (D:6)
  Samantha (D:4)
  8 gnolls
  3 adders
  A shadow imp (D:5)
  An ooze (D:1)
  4 dart slugs
  17 orcs
  4 quokkas
  A ball python (D:2)
  A giant cockroach (D:3)
  10 goblins
  9 hobgoblins
  6 jackals
  6 bats
  2 frilled lizards
  A jackal zombie (D:5)
  7 kobolds
  A quokka skeleton (D:4)
  A quokka zombie (D:5)
  7 rats
182 creatures vanquished.

Vanquished Creatures (others)
  A slave (D:5)
  2 orcs (D:5)
3 creatures vanquished.

Grand Total: 185 creatures vanquished

Notes
Turn   | Place    | Note
-------+----------+-------------------------------------------
     0 | D:1      | olmar the Titan Transmuter began the quest for the Orb.
     0 | D:1      | Reached XP level 1. HP: 19/19 MP: 4/4
   137 | D:1      | Reached XP level 2. HP: 8/27 MP: 5/5
   560 | D:2      | Found a glowing golden altar of the Shining One.
   786 | D:2      | Reached XP level 3. HP: 25/33 MP: 7/7
   876 | D:2      | Found a faded altar of an unknown god.
   979 | D:2      | Found an ancient bone altar of Kikubaaqudgha.
  1073 | D:2      | Reached skill level 4 in Unarmed Combat
  1078 | D:2      | Reached XP level 4. HP: 6/42 MP: 3/9
  1083 | D:2      | Learned a level 3 spell: Spider Form
  1934 | D:3      | Found a sparkling altar of Nemelex Xobeh.
  2132 | D:3      | Reached XP level 5. HP: 48/49 MP: 8/8
  2242 | D:3      | Found a sacrificial altar of Ru.
  2256 | D:3      | Found a shadowy altar of Dithmenos.
  2286 | D:3      | Reached skill level 5 in Unarmed Combat
  2296 | D:3      | Found a basalt altar of Yredelemnul.
  2570 | D:3      | Found a deep blue altar of Sif Muna.
  2614 | D:3      | Gained mutation: You are clumsy. (Dex -5) [mutagenic hatch]
  2614 | D:4      | Found a radiant altar of Vehumet.
  2614 | D:4      | Noticed a water moccasin
  2622 | D:4      | Killed a water moccasin
  2622 | D:4      | Reached XP level 6. HP: 31/61 MP: 7/10
  3085 | D:4      | Found a bloodstained altar of Trog.
  3142 | D:4      | Reached skill level 6 in Unarmed Combat
  3190 | D:4      | Noticed Samantha
  3202 | D:4      | Killed Samantha
  3324 | D:4      | Reached XP level 7. HP: 41/67 MP: 5/16
  3477 | D:4      | Learned a level 5 spell: Blade Hands
  3755 | D:4      | Gained mutation: You have sharp fingernails. [mutagenic hatch]
  3755 | D:5      | Entered Level 5 of the Dungeon
  3803 | D:5      | Noticed Pikel
  3877 | D:5      | Killed Pikel
  3877 | D:5      | Reached skill level 8 in Unarmed Combat
  3877 | D:5      | Reached XP level 8. HP: 78/78 MP: 14/14
  4004 | D:5      | Noticed Menkaure
  4016 | D:5      | Killed Menkaure
  4016 | D:5      | Reached skill level 9 in Unarmed Combat
  4054 | D:5      | Found a stormy altar of Qazlal.
  4127 | D:5      | Found an iron altar of Okawaru.
  4127 | D:5      | Found a viscous altar of Jiyva.
  4127 | D:5      | Found a stormy altar of Qazlal.
  4127 | D:5      | Found a snail-covered altar of Cheibriados.
  4127 | D:5      | Found an opulent altar of Gozag.
  4127 | D:5      | Found a burning altar of Makhleb.
  4127 | D:5      | Found an ornate altar of the Wu Jian Council.
  4127 | D:5      | Found a white marble altar of Elyvilon.
  4135 | D:5      | Noticed Dowan
  4136 | D:5      | Noticed Duvessa
  4146 | D:5      | Killed Dowan
  4149 | D:5      | Killed Duvessa
  4191 | D:5      | Reached skill level 10 in Unarmed Combat
  4241 | D:5      | Noticed Prince Ribbit
  4251 | D:5      | Killed Prince Ribbit
  4668 | D:5      | Found a glowing silver altar of Zin.
  4704 | D:5      | Reached XP level 9. HP: 60/84 MP: 16/18
  5241 | D:6      | Noticed Sigmund
  5245 | D:6      | Killed Sigmund
  5510 | D:6      | Reached skill level 11 in Unarmed Combat
  5816 | D:7      | Found a shimmering altar of Xom.
  6061 | D:7      | Found a hide-covered altar of Uskayaw.
  6558 | D:8      | Reached skill level 5 in Dodging
  6852 | D:8      | Noticed a cyan ugly thing
  6866 | D:8      | Killed a cyan ugly thing
  6866 | D:8      | Reached skill level 12 in Unarmed Combat
  6866 | D:8      | Reached skill level 5 in Transmutations
  6866 | D:8      | Reached XP level 10. HP: 71/94 MP: 14/20
  7225 | D:8      | Reached skill level 5 in Fighting
  7671 | D:8      | Gained mutation: Armour fits poorly on your strangely shaped body. [mutagenic hatch]
  8311 | D:9      | Found a shimmering altar of Xom.
  8311 | D:9      | Found a shimmering altar of Xom.
  8315 | D:9      | Found a shimmering altar of Xom.
  8318 | D:9      | Found a shimmering altar of Xom.
  8318 | D:9      | Found a shimmering altar of Xom.
  8527 | D:10     | Entered Level 10 of the Dungeon
  8530 | D:10     | Noticed Psyche
  8544 | D:10     | Killed Psyche
  8549 | D:10     | Noticed a two-headed ogre
  8560 | D:10     | Killed a two-headed ogre
  8560 | D:10     | Reached skill level 13 in Unarmed Combat
  8763 | D:10     | Reached skill level 1 in Armour
  8977 | D:10     | Noticed an unseen horror
  8981 | D:10     | Killed an unseen horror
  8990 | D:10     | Noticed Sonja
  8994 | D:10     | Mangled by Sonja

Skill      XL: |  1  2  3  4  5  6  7  8  9 10 |
---------------+-------------------------------+-----
Dodging        | 2 3 4 5 6 |  6.1
Transmutations | 3 5 |  5.4
Unarmed Combat | 4 5 6 8 10 12 13 | 13.6
Fighting       | 2 3 4 5 |  5.4
Armour         | 1 |  1.9

Action                   |  1- 3 |  4- 6 |  7- 9 | 10-12 || total
-------------------------+-------+-------+-------+-------++-------
Melee: Unarmed           |    98 |   103 |   222 |   108 ||   531
       Kick              |    31 |       |       |    13 ||    44
       Punch             |     2 |       |     1 |     1 ||     4
 Cast: Beastly Appendage |     1 |       |     1 |     2 ||     4
       Spider Form       |       |     1 |     3 |       ||     4
       Blade Hands       |       |       |       |     2 ||     2
 Abil: End Transformatio |       |       |     2 |     2 ||     4
Evoke: Wand              |       |       |       |     8 ||     8
  Use: Potion            |       |     2 |       |     3 ||     5
 Stab: Sleeping          |       |     2 |       |       ||     2
       Invisible         |       |       |       |     2 ||     2
       Confused          |       |       |       |     1 ||     1
Armor: Robe              |    17 |       |       |     5 ||    22
       Skin              |       |    10 |     7 |       ||    17
       Troll leather arm |       |       |       |     4 ||     4
Dodge: Dodged            |    46 |    74 |   196 |    65 ||   381
